 Dungeon Crawl Stone Soup version 0.25-a0-670-g50981ef59b (webtiles) character file.

Game seed: 13691684968358665345, levelgen mode: deterministic

50 Error4North the Firebug (level 3, -1/33 HPs)
             Began as an Ogre Fire Elementalist on Mar 29, 2020.
             Slain by a hound (3 damage)
             ... on level 2 of the Dungeon.
             The game lasted 00:11:37 (2368 turns).

Error4North the Firebug (Ogre Fire Elementalist)    Turns: 2368, Time: 00:11:37

Health: -1/33      AC:  3    Str: 12    XL:     3   Next: 79%
Magic:  5/7        EV: 10    Int: 16    God:
Gold:   104        SH:  0    Dex: 10    Spells: 0/7 levels left

rFire    . . .     SeeInvis .   (no weapon)
rCold    . . .     Gourm    .   (no shield)
rNeg     . . .     Faith    .   a - +0 robe
rPois    .         Spirit   .   (helmet restricted)
rElec    .         Reflect  .   (no cloak)
rCorr    .         Harm     .   (gloves unavailable)
MR       .....                  (boots unavailable)
Stlth    ++........             (no amulet)
HPRegen  0.11/turn              (no ring)
MPRegen  0.10/turn              (no ring)

@: hasted, very quick
A: large, unfitting armour, tough skin 1
a: no special abilities


You were on level 2 of the Dungeon.
You were not hungry.

You visited 1 branch of the dungeon, and saw 2 of its levels.

You collected 104 gold pieces.

Inventory:

Armour
 a - a +0 robe (worn)
Scrolls
 b - a scroll of fear {unknown}
 d - 6 scrolls of identify {unknown}
 e - a scroll of random uselessness {unknown}
Comestibles
 c - 2 rations


   Skills:
 + Level 1.0 Fighting
 * Level 0.5 Throwing
 * Level 2.1 Dodging
 + Level 1.4 Stealth
 + Level 0.6 Unarmed Combat
 * Level 2.7 Spellcasting
 * Level 1.2 Conjurations
 * Level 3.2 Fire Magic


You couldn't memorise any spells.
You knew the following spells:

 Your Spells              Type           Power        Failure   Level  Hunger
a - Foxfire               Conj/Fire      #...         8%          1    #......
b - Conjure Flame         Conj/Fire      #.......     24%         3    ###....
c - Inner Flame           Hex/Fire       #.......     30%         3    ###....

Your spell library contained the following spells:

 Spells                   Type           Power        Failure   Level  Hunger
 Sticky Flame             Conj/Fire      #.......     61%         4    #####..
 Fireball                 Conj/Fire      #.........   91%         5    ######.


Dungeon Overview and Level Annotations

Branches:
Dungeon (2/15)

Altars:


Innate Abilities, Weirdness & Mutations

You are too large for most types of armour.
You have tough skin. (AC +1)


Message History

The hound bites you but does no damage.
You closely miss the hound.
The hound is severely wounded.
The hound barely misses you.
You hit the hound but do no damage.
The hound is severely wounded.
The hound bites you.
* * * LOW HITPOINT WARNING * * *
The hound bites you.
* * * LOW HITPOINT WARNING * * *
You hit the hound.
The hound is almost dead.
You hit the hound.
The hound is almost dead.
The hound bites you.
* * * LOW HITPOINT WARNING * * *
You closely miss the hound.
The hound is almost dead.
The hound bites you.
You die...

..# ##########
..##########........#
(..........#.######.####...
...........................
...#.###.#.#.######.#######
.#.#.###.#.#.# ####.#
.#.#.......#.###...รท###
##.#####......##.##...# #.#
#########@###### #.# #h#
#.. #g# #h# #.# #.# .## #


You could see a hound, a jackal and a goblin.

Vanquished Creatures
  An adder (D:2)
  An ooze (D:1)
  A dart slug (D:1)
  A leopard gecko (D:1)
  2 giant cockroaches (D:1)
  5 goblins
  6 hobgoblins (D:1)
  A jackal (D:2)
  3 kobolds
  A bat (D:1)
  4 frilled lizards
  6 rats (D:1)
32 creatures vanquished.

Vanquished Creatures (others)
  44 foxfires
44 creatures vanquished.

Grand Total: 76 creatures vanquished

Notes
Turn   | Place    | Note
-------+----------+-------------------------------------------
     0 | D:1      | Error4North the Ogre Fire Elementalist began the quest for
                  | the Orb.
     0 | D:1      | Reached XP level 1. HP: 16/16 MP: 3/3
    35 | D:1      | Reached skill level 1 in Conjurations
    72 | D:1      | Reached XP level 2. HP: 13/26 MP: 1/5
   240 | D:1      | Reached skill level 3 in Fire Magic
   835 | D:1      | Reached XP level 3. HP: 10/32 MP: 4/6
  1173 | D:1      | Learned a level 3 spell: Conjure Flame
  1177 | D:1      | Learned a level 3 spell: Inner Flame
  1799 | D:2      | Reached skill level 1 in Fighting
  2368 | D:2      | Slain by a hound

Levels and vault maps discovered:
D:1:      onia_arrival_pentagram, layout_basic
D:2:      wad_crossroads, layout_loops_ring, marbit_many_paths

Skill      XL: |  1  2  3 |
---------------+----------+-----
Conjurations   | 1 |  1.2
Fire Magic     | 3 |  3.2
Dodging        | 2 |  2.1
Fighting       | 1 |  1.0
Throwing       | |  0.5
Stealth        | |  1.4
Unarmed Combat | |  0.6
Spellcasting   | |  2.7

Action                   || total
-------------------------++-------
Melee: Unarmed           ||   199
 Cast: Foxfire           ||    30
       Conjure Flame     ||     1
  Use: Potion            ||     3
  Eat: Chunk             ||     5
Armor: Robe              ||    55
Dodge: Dodged            ||    86

Table legend:
 A = Non-vault XP
 B = Vault XP
 C = Vault XP percentage of total XP
 D = Non-vault monster count
 E = Vault monster count
 F = Vault count percentage of total count
                 A         B        C        D         E       F
            +---------+---------+-------+---------+---------+-------
      Total |      72 |       0 |   0.0 |      32 |       0 |   0.0
            +---------+---------+-------+---------+---------+-------
        D:1 |      49 |       0 |   0.0 |      25 |       0 |   0.0
        D:2 |      23 |       0 |   0.0 |       7 |       0 |   0.0
            +---------+---------+-------+---------+---------+-------
